 Dungeon Crawl Stone Soup version 0.30-a0-1082-g70414cbcbb (webtiles) character file.

Game seed: 6360301684672382872

19295 ebeggin the Severer (level 12, -1/108 HPs)
             Began as a Hill Orc Fighter on Apr 15, 2023.
             Was an Elder of Beogh.
             Slain by a two-headed ogre
             ... wielding a +0 giant club
              (5 damage)
             ... on level 2 of the Orcish Mines.
             The game lasted 00:33:14 (12807 turns).

ebeggin the Severer (Hill Orc Fighter)             Turns: 12807, Time: 00:33:14

Health: -1/108     AC: 20    Str: 24    XL:     12   Next: 67%
Magic:  12/12      EV: 13    Int:  8    God:    Beogh [****..]
Gold:   703        SH:  0    Dex: 16    Spells: 11/11 levels left

rFire   . . .      SeeInvis .    a - +0 war axe (chaos)
rCold   . . .      Faith    .    c - +0 buckler
rNeg    . . .      Spirit   .    H - +1 plate armour
rPois   .          Reflect  .    (no helmet)
rElec   .          Rampage  .    l - +1 cloak
rCorr   .                        (no gloves)
Will    .....                    D - +0 pair of boots {Fly} Stlth
                                 (no amulet)
HPRegen 0.38/turn                A - +6 ring of dexterity
MPRegen 0.13/turn                q - +5 ring of evasion

@: confused, ambrosia-drunk, flying
A: no striking features
a: Renounce Religion, Smiting, Recall Orcish Followers


You were on level 2 of the Orcish Mines.
You worshipped Beogh.
Beogh was greatly pleased with you.
You visited 2 branches of the dungeon, and saw 14 of its levels.
You also visited: Sewer and Bailey.

You collected 1132 gold pieces.
You spent 429 gold pieces at shops.

Inventory:

Hand Weapons
 a - a +0 war axe of chaos (weapon)
Missiles
 n - a throwing net (quivered)
Armour
 c - a +0 buckler (worn)
 l - a +1 cloak (worn)
 D - a +0 pair of boots of flying (worn)
 H - a +1 plate armour (worn)
Jewellery
 h - a ring of wizardry
 q - a +5 ring of evasion (right hand)
 t - a ring of poison resistance
 v - the ring "Yvuthra" {Fly rF+ Stlth+}
   (You took it off a gnoll on level 7 of the Dungeon)

   [ring of flight]

   rF:        It protects you from fire.
   Fly:       It grants you flight.
   Stlth:     It makes you more stealthy.
 y - a ring of protection from cold
 A - a +6 ring of dexterity (left hand)
 I - a ring of wizardry
 K - a ring of wizardry
Wands
 m - a wand of iceblast (18)
 B - a wand of digging (7)
 C - a wand of charming (6)
 G - a wand of flame (12)
Scrolls
 e - 2 scrolls of magic mapping
 j - 2 scrolls of silence
 p - 8 scrolls of teleportation
 r - a scroll of brand weapon
 s - 3 scrolls of blinking
 w - 2 scrolls of fog
 F - a scroll of identify
Potions
 f - 6 potions of curing
 g - 3 potions of cancellation
 i - 2 potions of brilliance
 k - 2 potions of haste
 o - a potion of ambrosia
 x - 2 potions of resistance
 z - a potion of flight
Miscellaneous
 b - a phantom mirror
 E - a phial of floods


   Skills:
 + Level 10.6 Fighting
 + Level 16.1 Axes
 + Level 11.5 Armour
 + Level 3.2 Dodging
 + Level 5.7 Stealth
 + Level 8.1 Shields


You had 11 spell levels left.
You didn't know any spells.
Your spell library contained the following spells:

 Spells                   Type           Power      Damage    Failure   Level
 Sandblast                Erth           0%         2d4       99%         1
 Slow                     Hex            0%         N/A       99%         1
 Sting                    Tmut/Pois      0%         1d3       99%         1
 Passwall                 Tmut/Erth      0%         N/A       100%        2
 Poisonous Vapours        Pois/Air       0%         N/A       100%        2
 Confusing Touch          Hex            0%         N/A       100%        3
 Stone Arrow              Conj/Erth      0%         3d7       100%        3
 Vampiric Draining        Necr           0%         2d6       100%        3
 Anguish                  Hex/Necr       0%         N/A       100%        4
 Cause Fear               Hex            0%         N/A       100%        4
 Olgreb's Toxic Radiance  Pois           0%         N/A       100%        4
 Passage of Golubria      Tloc           0%         N/A       100%        4
 Silence                  Hex/Air        0%         N/A       100%        5
 Enfeeble                 Hex            0%         N/A       100%        7
 Lehudib's Crystal Spear  Conj/Erth      0%         10d2      100%        8


Dungeon Overview and Level Annotations

Branches:
Dungeon (12/15)            Temple (0/1) D:6            Lair (0/5) D:10
    Orc (2/2) D:11          Sewer (visited)          Bailey (visited)
    Elf: Orc:2

Altars:
Ashenzari
Dithmenos
Fedhas
Gozag
Hepliaklqana
Kikubaaqudgha
Okawaru
Ru
Sif Muna
Vehumet

Shops:
D:5 :   D:6 [   D:9 [   D:10 *[*[

Portals:
Trove: D:10 (give 13 scrolls of teleportation)


Message History

The two-headed ogre is heavily wounded.
You slash the two-headed ogre!
Nothing appears to happen.
You closely miss the ogre. The ogre barely misses you.
You hear some strange, mumbled words.
The ogre seems to speed up.
The two-headed ogre hits Ugbert with a +0 giant club!
The two-headed ogre hits Ugbert with a +0 giant club!!
Ugbert dies!
You hear a shout!
You slash the two-headed ogre!
The two-headed ogre is poisoned.
The two-headed ogre is severely wounded.
You slash the two-headed ogre!
The two-headed ogre suddenly seems more agile.
You barely miss the ogre.
You hear some strange, mumbled words.
A bolt of magma appears from out of thin air!
The bolt of magma hits you!!
* * * LOW HITPOINT WARNING * * *
The bolt of magma misses your orc wizard.
You are confused.
You feel invigorated.
The two-headed ogre hits you with a +0 giant club.
* * * LOW HITPOINT WARNING * * *
The two-headed ogre barely misses you. The ogre hits you with a +0 giant club!
* * * LOW HITPOINT WARNING * * *
Your orc wizard hits something with a +0 dagger.
You hear some strange, mumbled words.
The ogre seems to speed up.
Are you sure you want to stumble around while confused and next to your ally the orc wizard?
This could place you under penance!
Okay, then.
The ogre hits you with a +0 giant club!
* * * LOW HITPOINT WARNING * * *
Are you sure you want to stumble around while confused and next to your ally the orc knight?
This could place you under penance! [Y]es or [N]o only, please.
Are you sure you want to stumble around while confused and next to your ally the orc knight?
This could place you under penance!
Okay, then.
Okay, then.
Your orc knight no longer looks unusually strong.
The two-headed ogre hits you with a +0 giant club.
You die...

......#....
..................
..................
.................# ####
................# ##....
................##......
..........$.....#OO.....
.............#.))OO.....
.......)..)...oo@OO.....
.........)).)))o#O......
..........)...).##......
..............).# ##....
.................# ###
...................
....................
.....................
............$...)....


You could see 3 two-headed ogres, 4 ogres, 2 friendly orc knights and a friendly
orc wizard (strong, invisible).

Vanquished Creatures
  A fire dragon (D:10)
  An ogre mage (Orc:2)
  A boulder beetle (D:11)
  3 two-headed ogres (Orc:2)
  An ugly thing (D:11)
  A manticore (D:11)
  A cyclops (D:11)
  Joseph (D:9)
  Maggie (D:9)
  Psyche (D:9)
  An unseen horror (D:10)
  A kobold demonologist (D:10)
  2 trolls (D:10)
  2 wyverns
  21 yaks
  2 vampire mosquitoes (D:11)
  Duvessa (D:6)
  A warg (Orc:2)
  2 acid dragons
  3 water moccasins
  An ice beast (D:6)
  A black bear (D:5)
  2 orc warriors
  2 sky beasts
  An ogre (shapeshifter) (D:9)
  7 ogres
  A wolf (D:10)
  5 centaurs
  3 kobold brigands
  A gnoll sergeant (D:7)
  11 wights
  Dowan (D:6)
  9 killer bees (D:9)
  6 howler monkeys
  3 vampire bats (D:5)
  2 electric eels (D:10)
  A jelly (D:4)
  13 hounds
  3 orc priests
  An iguana (D:5)
  Terence (D:2)
  9 orc wizards
  2 sleepcaps
  Ijyb (D:4)
  10 adders
  3 gnolls (D:7)
  6 river rats
  A shadow imp (D:7)
  2 ufetubi
  2 worms
  4 dart slugs
  29 orcs
  4 bat skeletons (D:5)
  A bat zombie (D:5)
  10 endoplasms
  4 giant cockroaches
  7 goblins
  5 hobgoblins
  7 jackals
  3 quokkas
  12 ball pythons
  6 bats
  7 frilled lizards
  17 kobolds
  9 rats
  2 bushes (D:5)
286 creatures vanquished.

Vanquished Creatures (collateral kills)
  An ogre mage (Orc:2)
  7 two-headed ogres (Orc:2)
  An orc knight (Orc:1)
  A cyclops (Orc:2)
  A gargoyle (D:11)
  A troll (Orc:1)
  A warg (Orc:1)
  A vampire mosquito (D:11)
  2 orc warriors (Orc:2)
  11 ogres (Orc:2)
  A kobold brigand (D:11)
  An electric eel (D:11)
  2 orc priests
  An orc wizard (Orc:2)
  A gnoll (Bailey)
  2 orcs
  5 kobolds
40 creatures vanquished.

Vanquished Creatures (others)
  2 orc knights (Orc:2)
  2 orc warriors
  2 orc wizards
  16 orcs
  18 plants
40 creatures vanquished.

Grand Total: 366 creatures vanquished

Notes
Turn   | Place    | Note
-------+----------+-------------------------------------------
     0 | D:1      | ebeggin the Hill Orc Fighter began the quest for the Orb.
     0 | D:1      | Reached XP level 1. HP: 19/19 MP: 1/1
   188 | D:1      | Reached skill level 3 in Axes
   236 | D:1      | Reached XP level 2. HP: 27/27 MP: 2/2
   256 | D:1      | Found a faded altar of an unknown god.
   748 | D:1      | Reached XP level 3. HP: 32/33 MP: 3/3
   940 | D:2      | Noticed Terence
   959 | D:2      | Killed Terence
   960 | D:2      | Reached skill level 4 in Axes
  1144 | D:2      | Reached XP level 4. HP: 40/40 MP: 4/4
  1958 | D:3      | Found a glowing drain.
  1965 | Sewer    | Entered a sewer
  2020 | Sewer    | Reached XP level 5. HP: 47/47 MP: 5/5
  2115 | Sewer    | Noticed a kobold brigand
  2131 | Sewer    | Killed a kobold brigand
  2132 | Sewer    | Reached skill level 5 in Axes
  2283 | Sewer    | Reached XP level 6. HP: 50/55 MP: 6/6
  2331 | Sewer    | Reached skill level 5 in Fighting
  2428 | Sewer    | Reached skill level 6 in Axes
  3475 | D:4      | Found a blossoming altar of Fedhas.
  3621 | D:4      | Noticed Ijyb
  3642 | D:4      | Killed Ijyb
  3826 | D:5      | Entered Level 5 of the Dungeon
  3987 | D:5      | Found Paugrih's Tiny Tomes.
  4005 | D:5      | Identified the +2 robe "Juxka" {Int+3}
  4037 | D:5      | Reached skill level 1 in Dodging
  4037 | D:5      | Reached XP level 7. HP: 60/61 MP: 7/7
  4089 | D:5      | Reached skill level 7 in Axes
  4120 | D:5      | Reached skill level 5 in Armour
  4237 | D:5      | Found a sacrificial altar of Ru.
  4260 | D:5      | Found a shimmering blue altar of Sif Muna.
  4261 | D:5      | Found a radiant altar of Vehumet.
  4400 | D:5      | Found an ancient bone altar of Kikubaaqudgha.
  4416 | D:5      | Reached skill level 8 in Axes
  4554 | D:5      | Reached XP level 8. HP: 14/69 MP: 8/8
  4774 | D:6      | Noticed Duvessa
  4774 | D:6      | Noticed Dowan
  4781 | D:6      | Killed Dowan
  4788 | D:6      | Killed Duvessa
  4894 | D:6      | Became a worshipper of Beogh the Brigand
  4902 | D:6      | Reached skill level 9 in Axes
  5024 | D:6      | Found a staircase to the Ecumenical Temple.
  5152 | D:6      | Reached skill level 10 in Axes
  5521 | D:6      | Reached skill level 5 in Shields
  5670 | D:6      | Found Ritoiq's Antique Armour Shoppe.
  5956 | D:7      | Reached XP level 9. HP: 58/75 MP: 9/9
  6145 | D:7      | Found a faded altar of an unknown god.
  6145 | D:7      | Found a shadowy altar of Dithmenos.
  6152 | D:7      | Found a hazy altar of Hepliaklqana.
  6154 | D:7      | Found a faded altar of an unknown god.
  6156 | D:7      | Found an iron altar of Okawaru.
  6211 | D:7      | Identified the ring "Yvuthra" {Fly rF+ Stlth+}
  6304 | D:7      | Reached * piety under Beogh
  6407 | D:7      | Reached skill level 11 in Axes
  6748 | D:7      | Found a broken altar of Ashenzari.
  6860 | D:8      | Reached skill level 1 in Stealth
  7179 | D:8      | Reached ** piety under Beogh
  7181 | D:8      | Reached skill level 12 in Axes
  7181 | D:8      | Reached XP level 10. HP: 21/86 MP: 10/10
  7599 | D:8      | Identified the staff of conjuration "Asiyheru" {rN+}
  8229 | D:9      | Found Yghomaq's Armour Boutique.
  8239 | D:9      | Bought a +0 pair of boots of flying for 149 gold pieces
  8270 | D:9      | Noticed Psyche
  8280 | D:9      | Killed Psyche
  8281 | D:9      | Reached skill level 13 in Axes
  8318 | D:9      | a yak changed into an entropy weaver
  8318 | D:9      | Noticed an entropy weaver
  8319 | D:9      | an entropy weaver changed into a shapeshifter
  8502 | D:9      | Noticed Maggie
  8521 | D:9      | Killed Maggie
  8522 | D:9      | Reached XP level 11. HP: 78/95 MP: 11/11
  8843 | D:9      | Found an opulent altar of Gozag.
  8849 | D:9      | Noticed Joseph
  8869 | D:9      | Killed Joseph
  9121 | D:10     | Entered Level 10 of the Dungeon
  9140 | D:10     | Found Vakkoivi's Assorted Antiques.
  9145 | D:10     | Bought 2 potions of heal wounds for 280 gold pieces
  9217 | D:10     | Reached skill level 14 in Axes
  9233 | D:10     | Reached *** piety under Beogh
  9239 | D:10     | Noticed a soul eater
  9256 | D:10     | Noticed a soul eater
  9268 | D:10     | Noticed a soul eater
  9377 | D:10     | Found Itrih's Armour Shoppe.
  9387 | D:10     | Found Noyjot's Armour Boutique.
  9542 | D:10     | Found a staircase to the Lair.
  9636 | D:10     | Found a flagged portal.
  9652 | Bailey   | Entered a bailey
 10108 | D:10     | Found Zukh's General Store.
 10498 | D:10     | Noticed a fire dragon
 10515 | D:10     | Killed a fire dragon
 10731 | D:10     | Found a portal to a secret trove of treasure.
 11008 | D:11     | Noticed a cyan ugly thing
 11017 | D:11     | Killed a cyan ugly thing
 11025 | D:11     | Found a staircase to the Orcish Mines.
 11032 | D:11     | Reached skill level 10 in Armour
 11192 | D:11     | Noticed a boulder beetle
 11214 | D:11     | Killed a boulder beetle
 11215 | D:11     | Reached skill level 15 in Axes
 11329 | D:11     | Noticed a manticore
 11338 | D:11     | Killed a manticore
 11674 | D:11     | Identified the +6 trident "Vufikk" {drain, rElec rC+ rCorr}
 11907 | D:11     | Noticed a cyclops
 11911 | D:11     | Killed a cyclops
 12188 | Orc:1    | Entered Level 1 of the Orcish Mines
 12196 | Orc:1    | Reached XP level 12. HP: 73/106 MP: 12/12
 12518 | Orc:2    | Entered Level 2 of the Orcish Mines
 12522 | Orc:2    | Reached skill level 10 in Fighting
 12757 | Orc:2    | Noticed a two-headed ogre
 12757 | Orc:2    | Noticed a two-headed ogre
 12767 | Orc:2    | Killed a two-headed ogre
 12767 | Orc:2    | Killed a two-headed ogre
 12768 | Orc:2    | Reached skill level 5 in Stealth
 12768 | Orc:2    | Noticed a two-headed ogre
 12770 | Orc:2    | Noticed a two-headed ogre
 12770 | Orc:2    | Noticed a two-headed ogre
 12772 | Orc:2    | Gained Ugbert as an ally
 12775 | Orc:2    | Noticed an ogre mage
 12777 | Orc:2    | Killed a two-headed ogre
 12777 | Orc:2    | Reached **** piety under Beogh
 12778 | Orc:2    | Noticed a two-headed ogre
 12778 | Orc:2    | Killed a two-headed ogre
 12779 | Orc:2    | Noticed an ogre mage
 12782 | Orc:2    | Killed a two-headed ogre
 12785 | Orc:2    | Noticed a two-headed ogre
 12785 | Orc:2    | Noticed a two-headed ogre
 12785 | Orc:2    | Noticed a two-headed ogre
 12787 | Orc:2    | Noticed an ogre mage
 12788 | Orc:2    | Killed an ogre mage
 12789 | Orc:2    | Killed a two-headed ogre
 12789 | Orc:2    | Noticed a two-headed ogre
 12792 | Orc:2    | Noticed a two-headed ogre
 12793 | Orc:2    | Killed a two-headed ogre
 12795 | Orc:2    | Killed a two-headed ogre
 12795 | Orc:2    | Noticed a two-headed ogre
 12795 | Orc:2    | Your ally Ugbert died
 12796 | Orc:2    | Noticed an ogre mage
 12798 | Orc:2    | Killed a two-headed ogre
 12798 | Orc:2    | Gained Ugbert as an ally
 12798 | Orc:2    | Killed an ogre mage
 12798 | Orc:2    | Noticed a two-headed ogre
 12799 | Orc:2    | Reached skill level 16 in Axes
 12799 | Orc:2    | Killed a two-headed ogre
 12803 | Orc:2    | Your ally Ugbert died
 12806 | Orc:2    | HP: 1/108 [ogre/+0 giant club (12)]
 12807 | Orc:2    | Slain by a two-headed ogre

Illustrated notes

Levels and vault maps discovered:
D:1:      nicolae_arrival_somewhat_less_tricky_arrival, layout_loops_ring,
          shapermc_ecumenical_altar_ellora
D:2:      minmay_skewed_foursquare, layout_basic, uniq_terence
D:3:      wander_river, layout_rooms, serial_glass, glass_columns_a,
          glass_columns_a, portal_sewer_entry_e
D:4:      layout_rooms, fedhas_altar_3, uniq_ijyb
D:5:      layout_basic, gammafunk_temple_overflow_forgotten,
          kennysheep_vampire_church, nicolae_shop_i_like_small_books_too
D:6:      layout_loops_cross, minmay_temple_entry_butterflies, serial_shops,
          shop, chequers_serial_rivers_micro_a, uniq_duvessa
D:7:      layout_loops_ring, cheibrodos_ashenzari_chains,
          chequers_temple_overflow_minitemple, minmay_misc_feat_diagonals
D:8:      layout_rooms, chequers_serial_rivers_micro_e,
          hangedman_abyss_or_decor_passed, kennysheep_windowed_goal
D:9:      layout_loops_ring, mainiacjoe_overflow_surrounded_room, serial_shops,
          nicolae_shop_statue_plus, uniq_maggie, uniq_joseph, uniq_psyche
D:10:     layout_long_grid, erik_lair_island, enter_trove_3, serial_shops,
          nicolae_inconvenience_store, shop, nicolae_shop_crystal,
          nicolae_shop_crystal, enter_bailey_3, kennysheep_just_a_vault
D:11:     layout_loops_ring, orc_david_3, nicolae_two_hexagons, lightli_minifort
D:12:     minmay_octo_star, layout_small_grid, uniq_lodul, uniq_nessos
Orc:1:    layout_caves, uniq_erica
Orc:2:    st_orc_ogre_mass, layout_diamond_mine

Skill      XL: |  1  2  3  4  5  6  7  8  9 10 11 12 |
---------------+-------------------------------------+-----
Axes           | 3 4 5 6 8 10 12 13 15 16 | 16.1
Fighting       | 4 5 6 7 8 9 10 | 10.6
Armour         | 4 5 6 7 8 10 11 | 11.5
Dodging        | 1 2 3 |  3.2
Shields        | 4 5 6 7 8 |  8.1
Stealth        | 1 3 4 5 |  5.7

Action                     |  1- 3 |  4- 6 |  7- 9 | 10-12 || total
---------------------------+-------+-------+-------+-------++-------
  Melee: War axe           |    92 |   292 |   332 |   416 ||  1132
 Invoke: Convert to Beogh  |       |       |     1 |       ||     1
    Use: Scroll            |     4 |     7 |     7 |     8 ||    26
         Potion            |       |     1 |     4 |     9 ||    14
   Stab: Paralysed         |       |       |     3 |     5 ||     8
         Invisible         |       |       |       |    14 ||    14
         Distracted        |       |       |       |     5 ||     5
 Armour: Scale mail        |    37 |       |       |       ||    37
         Chain mail        |    10 |   173 |   167 |    78 ||   428
         Plate armour      |       |       |       |    65 ||    65
  Dodge: Dodged            |    45 |   146 |   246 |   221 ||   658
  Block: Buckler           |    31 |    58 |    98 |   111 ||   298

Table legend: (Time is in decaauts)
 A = Elapsed time spent in this place.
 B = Non-inter-level travel time spent in this place.
 C = Inter-level travel time spent in this place.
 D = Time resting spent in this place.
 E = Time spent auto-exploring this place.
 F = Levels seen in this place.
 G = Mean time per level.
                   A        B        C        D        E       F      G
               +--------+--------+--------+--------+--------+-----+--------+
         Total |  13032 |  13032 |      0 |      0 |   9208 |  16 |  814.5 |
       Dungeon |  11189 |  11189 |      0 |      0 |   7902 |  12 |  932.4 |
  Orcish Mines |    605 |    605 |      0 |      0 |    462 |   2 |  302.5 |
         Sewer |   1083 |   1083 |      0 |      0 |    722 |   1 | 1083.0 |
        Bailey |    153 |    153 |      0 |      0 |    121 |   1 |  153.0 |
               +--------+--------+--------+--------+--------+-----+--------+

Top non-repeatable levels by time:
    D:10: 1680 daAuts
     D:9: 1351 daAuts
     D:6: 1177 daAuts
    D:11: 1175 daAuts
   Sewer: 1083 daAuts
     D:5: 968 daAuts
     D:1: 921 daAuts
     D:7: 901 daAuts
     D:8: 886 daAuts
     D:2: 882 daAuts
     D:3: 681 daAuts
     D:4: 562 daAuts
   Orc:1: 325 daAuts
   Orc:2: 279 daAuts
  Bailey: 153 daAuts
